 Seeded DCSS version 0.30-a0-779-g7971cf19c3 (webtiles) character file.

Game seed: 8796237800415217726 (custom seed)

1073 BigDaddyOpFi the Digger (level 8, 0/66 HPs)
             Began as a Meteoran Earth Elementalist on Feb 17, 2023.
             Slain by a gnoll
             ... wielding a +0 flail
             ... led by a gnoll bouda
              (8 damage)
             ... on level 7 of the Dungeon.
             The game lasted 00:06:29 (3609 turns).

BigDaddyOpFi the Digger (MeEE)                      Turns: 3609, Time: 00:06:30

Health: 0/66       AC:  7    Str: 10    XL:     8   Next: 83%
Magic:  17/17      EV: 14    Int: 18    God:
Gold:   486        SH:  0    Dex: 15    Spells: 14/18 levels left

rFire   . . .      SeeInvis .    t - +0 staff of Battle
rCold   + . .      Faith    .    (no shield)
rNeg    . . .      Spirit   .    a - +1 robe
rPois   .          Reflect  .    (no helmet)
rElec   .          Harm     .    (no cloak)
rCorr   .          Rampage  .    (no gloves)
Will    +....                    f - +3 pair of mountain boots {steadfast, rC+} Stlth
                                 m - amulet of regeneration
HPRegen 1.11/turn                g - ring of wizardry
MPRegen 0.15/turn                (no ring)

@: berserking, attractive, glowing, very quick
A: sense surroundings 1, otherworldly, glowing, explore regen
a: no special abilities


You were on level 7 of the Dungeon.
You visited 1 branch of the dungeon, and saw 7 of its levels.

You collected 1606 gold pieces.
You spent 1120 gold pieces at shops.

Inventory:

Hand Weapons
 i - a +2 short sword of speed
 t - the +0 staff of Battle (weapon)
   (You bought it in a shop on level 5 of the Dungeon)

   It enhances your conjuration magic.
   It summons a battlesphere in combat, with strength depending on Conjurations
   skill.
   Its strikes trigger the battlesphere's blasts.
Armour
 a - a +1 robe (worn)
 f - the +3 pair of mountain boots (worn) {steadfast, rC+}
   (You acquired it on level 1 of the Dungeon)

   Steadfast: It prevents involuntary movement, except for blinking,
   teleportation, or banishment.
   rC:        It protects you from cold.
Jewellery
 g - a ring of wizardry (left hand)
 m - an amulet of regeneration (around neck)
 o - a ring of poison resistance
 z - a ring of protection from fire
Wands
 s - a wand of paralysis (10)
 y - a wand of flame (43)
Scrolls
 h - 4 scrolls of identify
 r - a scroll of immolation
 u - a scroll of enchant armour
 v - 2 scrolls of poison
Potions
 b - 2 potions of magic
 d - a potion of attraction
 e - a potion of berserk rage
 j - 3 potions of brilliance
 k - a potion of mutation {unknown}
 l - a potion of lignification {unknown}
 n - a potion of invisibility {unknown}
 p - a potion of degeneration {unknown}
 q - a potion of might {unknown}
 x - a potion of haste {unknown}


   Skills:
 + Level 5.4 Dodging
 + Level 3.6 Stealth
 + Level 5.5 Spellcasting
 * Level 4.9 Conjurations
 - Level 2.4 Transmutations
 + Level 6.0 Earth Magic


You had 14 spell levels left.
You knew the following spells:

 Your Spells              Type           Power      Damage    Failure   Level
a - Sandblast             Erth           52%        2d12      1%          1
b - Stone Arrow           Conj/Erth      74%        3d11      1%          3

Your spell library contained the following spells:

 Spells                   Type           Power      Damage    Failure   Level
 Magic Dart               Conj           100%       1d8       1%          1
 Passwall                 Tmut/Erth      16%        N/A       1%          2
 Call Imp                 Summ           4%         N/A       8%          2
 Mephitic Cloud           Conj/Pois/Air  16%        N/A       8%          3
 Petrify                  Tmut/Erth      20%        N/A       9%          4
 Ignite Poison            Fire/Tmut/Pois 7%         N/A       11%         3
 Kindle Blastsparks       Fire/Tloc/Air  8%         2d10      16%         3
 Freezing Cloud           Conj/Ice/Air   8%         6-21      54%         5


Dungeon Overview and Level Annotations

Branches:
Dungeon (7/15) Zot: 745    Temple (0/1) D:6

Altars:

Shops:
D:1 :   D:2 *   D:5 (


Innate Abilities, Weirdness & Mutations

You passively map a small area around you.
You are easily found by Zot.
You glow in the dark.
You regain HP and MP as you explore.


Message History

The howler monkey hoots and howls with incredible vigour!
You hear an angry hiss. x2
As you read the scroll labelled HIYKHI OXI, it crumbles to dust.
You assume a fearsome visage.
The gnoll bouda looks frightened!
The howler monkey looks frightened!
The gnoll looks frightened!
It was a scroll of fear.
The gnoll hits your sky beast with a +0 spear.
The howler monkey closely misses your gnoll.
Your sky beast flickers out of sight for a moment.
Your sky beast barely misses the gnoll.
Your gnoll barely misses the howler monkey.
Your gnoll barely misses the gnoll.
The gnoll barely misses your sky beast. The howler monkey hits your gnoll.
Your sky beast hits the gnoll.
The gnoll dies!
Your gnoll misses the howler monkey.
Your gnoll hits the howler monkey from afar with a +0 spear.
The gnoll bouda is attracted toward you.
There is a stone staircase leading down here.
The howler monkey hits your gnoll.
Your gnoll hits the howler monkey from afar with a +0 spear!
Your gnoll hits the howler monkey with a +0 flail!
The howler monkey dies!
The gnoll bouda is attracted toward you.
You climb downwards.
Your summoned allies are left behind.
Your battlesphere wavers and loses cohesion.
You conjure a globe of magical energy.
The howler monkey barely misses you. The gnoll barely misses you.
The gnoll misses you. The howler monkey hits you.
* * * LOW HITPOINT WARNING * * *
There is a stone staircase leading up here.
Okay, then.
It was a potion of berserk rage.
A red film seems to cover your vision as you go berserk!
You feel yourself moving faster!
You feel mighty! The gnoll completely misses you.
The gnoll hits you but does no damage. The howler monkey hits you.
* * * LOW HITPOINT WARNING * * *
You closely miss the howler monkey. The gnoll closely misses you.
The gnoll hits you with a +0 flail!
You die...

, , * *
#..........
###.........#
* ,
.#.).......
.....>..# *
#"......# ,,*
#.......#~ ,
, #..*....# *
#..@h...#**
*#.g$g(.....
, ,
#.).........
, , ,
...##.....###
* .....
####### *
....* , ... *
...


You could see a howler monkey, 2 gnolls and a friendly battlesphere.

Vanquished Creatures
  A black bear (D:5)
  An ogre (D:5)
  A centaur (D:6)
  2 necrophages (D:6)
  A scorpion (D:5)
  2 jellies
  2 hounds
  A gnoll bouda (D:5)
  3 orc priests
  4 orc wizards
  7 gnolls
  8 adders
  A shadow imp (D:5)
  2 ufetubi
  A worm (D:2)
  13 orcs
  9 endoplasms
  5 giant cockroaches
  5 hobgoblins
  11 jackals
  3 quokkas
  3 ball pythons
  5 bats
  4 goblins
  3 kobolds
  4 rats
102 creatures vanquished.

Vanquished Creatures (collateral kills)
  A howler monkey (D:6)
  A gnoll (D:6)
2 creatures vanquished.

Grand Total: 104 creatures vanquished

Notes
Turn   | Place    | Note
-------+----------+-------------------------------------------
     0 | D:1      | BigDaddyOpFi the Meteoran Earth Elementalist began the
                  | quest for the Orb.
     0 | D:1      | Reached XP level 1. HP: 14/14 MP: 5/5
    60 | D:1      | Found Veoliky's Book Emporium.
    87 | D:1      | Identified 3 scrolls of acquirement
    87 | D:1      | Acquired a ring of wizardry
    89 | D:1      | Acquired 1281 gold pieces
    91 | D:1      | Acquired the +3 pair of mountain boots {steadfast, rC+}
    91 | D:1      | Found the +3 pair of mountain boots {steadfast, rC+}
   168 | D:1      | Reached XP level 2. HP: 20/20 MP: 1/6
   494 | D:1      | Glimpsed the power of Zot.
   518 | D:2      | Reached XP level 3. HP: 26/26 MP: 4/8
   695 | D:2      | Found Fuiquv's Assorted Antiques.
   746 | D:2      | Reached skill level 4 in Earth Magic
   802 | D:2      | Reached XP level 4. HP: 33/33 MP: 6/9
   908 | D:2      | Found a faded altar of an unknown god.
  1090 | D:2      | Glimpsed the power of Zot.
  1245 | D:3      | Reached XP level 5. HP: 38/38 MP: 9/11
  1554 | D:4      | Learned a level 3 spell: Stone Arrow
  1644 | D:4      | Reached skill level 1 in Conjurations
  1644 | D:4      | Reached XP level 6. HP: 22/45 MP: 4/12
  2099 | D:5      | Entered Level 5 of the Dungeon
  2143 | D:5      | Reached XP level 7. HP: 50/50 MP: 10/14
  2146 | D:5      | Reached skill level 5 in Earth Magic
  2311 | D:5      | Found Zunkiod's Weapon Emporium.
  2319 | D:5      | Bought the +0 staff of Battle for 1120 gold pieces
  2319 | D:5      | Found the +0 staff of Battle
  2467 | D:5      | Reached XP level 8. HP: 52/57 MP: 13/16
  2865 | D:5      | Glimpsed the power of Zot.
  2911 | D:6      | Reached skill level 5 in Dodging
  2911 | D:6      | Reached skill level 5 in Spellcasting
  3458 | D:6      | Glimpsed the power of Zot.
  3506 | D:6      | Glimpsed the power of Zot.
  3546 | D:6      | Glimpsed the power of Zot.
  3556 | D:6      | Touched by the power of Zot.
  3599 | D:6      | Reached skill level 6 in Earth Magic
  3602 | D:6      | HP: 2/44 [gnoll/+0 spear[a gnoll bouda] (3)]
  3609 | D:7      | Slain by a gnoll

Illustrated notes

Levels and vault maps discovered:
D:1:      heliophobic_arrival_henge, layout_rooms, serial_shops, shop_statue
D:2:      layout_basic, serial_shops, nicolae_lakefront_shop,
          ebering_ecumenical_altar_ruins
D:3:      layout_basic
D:4:      layout_rooms, kennysheep_generic_room_4
D:5:      layout_loops_corners, serial_shops, nicolae_shop_behind_doors
D:6:      layout_layer_cave, minmay_temple_entry_arrows, chequers_avenue
D:7:      layout_rooms, serial_aquarium, aquarium_bridge_straight
          [aquarium_subvault_bridge, aquarium_subvault_wall,
          aquarium_subvault_bridge, aquarium_subvault_window],
          aquarium_window_corridor_1, aquarium_window_1, aquarium_window_fake,
          aquarium_window_1, aquarium_view_2c, aquarium_view_2b,
          aquarium_balcony_3b, aquarium_pool_2

Skill      XL: |  1  2  3  4  5  6  7  8 |
---------------+-------------------------+-----
Spellcasting   | 3 4 5 |  5.5
Transmutations | 2 |  2.4
Earth Magic    | 4 5 6 |  6.0
Dodging        | 3 4 5 |  5.4
Stealth        | 2 3 |  3.6
Conjurations   | 1 2 3 4 |  4.9

Action                     |  1- 3 |  4- 6 |  7- 9 || total
---------------------------+-------+-------+-------++-------
  Melee: Short sword       |    22 |    55 |       ||    77
         Punch             |       |     1 |       ||     1
         Staff             |       |       |    20 ||    20
   Cast: Sandblast         |    29 |    75 |    32 ||   136
         Stone Arrow       |       |     1 |    11 ||    12
    Use: Scroll            |     5 |     9 |     2 ||    16
         Potion            |       |     2 |     3 ||     5
 Armour: Robe              |    26 |    57 |    20 ||   103
  Dodge: Dodged            |    44 |   106 |    47 ||   197

Table legend: (Time is in decaauts)
 A = Elapsed time spent in this place.
 B = Non-inter-level travel time spent in this place.
 C = Inter-level travel time spent in this place.
 D = Time resting spent in this place.
 E = Time spent auto-exploring this place.
 F = Levels seen in this place.
 G = Mean time per level.
                   A        B        C        D        E       F      G
               +--------+--------+--------+--------+--------+-----+--------+
         Total |   3653 |   3483 |    170 |    360 |   2357 |   7 |  521.9 |
       Dungeon |   3653 |   3483 |    170 |    360 |   2357 |   7 |  521.9 |
               +--------+--------+--------+--------+--------+-----+--------+

Top non-repeatable levels by time:
     D:5: 1050 daAuts
     D:2: 613 daAuts
     D:4: 583 daAuts
     D:1: 520 daAuts
     D:6: 479 daAuts
     D:3: 402 daAuts
     D:7: 4 daAuts
